 Dungeon Sprint DCSS version 0.28.0-53-g5a82cb258f (webtiles) character file.

Game seed: 2288393694246518472

892 Zeld the Fighter (level 7, -1/118 HPs)
             Began as a Minotaur Berserker on June 5, 2022.
             Was a High Priest of Trog.
             Engulfed by a cloud of poison gas (3 damage)
             ... in the Dungeon (Sprint VII: "The Pits").
             The game lasted 00:01:11 (1727 turns).

Zeld the Fighter (Minotaur Berserker)               Turns: 1727, Time: 00:01:11

Health: -1/118     AC: 13    Str: 23    XL:     7   Next: 78%
Magic:  6/6        EV:  8    Int:  4    God:    Trog [*****.]
Gold:   0          SH:  0    Dex: 10    Spells: 6/6 levels left

rFire   . . .      SeeInvis .   a - +2 hand axe (vamp)
rCold   . . .      Faith    .   (no shield)
rNeg    . . .      Spirit   .   b - +2 plate armour
rPois   .          Reflect  .   (helmet restricted)
rElec   .          Harm     .   (no cloak)
rCorr   .          Rampage  .   (no gloves)
Will    .....      NoTele   +   (no boots)
Stlth   ..........              (no amulet)
HPRegen 0.29/turn               (no ring)
MPRegen 0.10/turn               (no ring)

@: berserking (expiring), lethally poisoned (-1 -> -70), very quick
A: horns 2, retaliatory headbutt
a: Renounce Religion, Berserk, Trog's Hand, Brothers in Arms


You were in the Dungeon.
You worshipped Trog.
Trog was extremely pleased with you.
You visited 1 branch

Inventory:

Hand Weapons
 a - a +2 vampiric hand axe (weapon)
Armour
 b - a +2 plate armour (worn)
Scrolls
 h - a scroll of blinking
 j - a scroll of summoning
Potions
 c - 6 potions of curing
 d - 6 potions of heal wounds
 e - a potion of haste
 f - 4 potions of magic
 g - 3 potions of berserk rage
 i - 2 potions of invisibility


   Skills:
 * Level 13.3 Fighting
 * Level 13.3 Axes
 - Level 2.4 Armour
 + Level 8.7 Dodging


You had 6 spell levels left.
You didn't know any spells.
Your spell library was empty.

Dungeon Overview and Level Annotations

Branches:
Dungeon (1/1)

Altars:
Ashenzari
Cheibriados
Dithmenos
Elyvilon
Fedhas
Gozag
Hepliaklqana
Kikubaaqudgha
Makhleb
Nemelex Xobeh
Okawaru
Qazlal
Ru
Sif Muna
Trog
Uskayaw
Vehumet
Wu Jian
Xom
Yredelemnul
Zin
The Shining One
Beogh
Jiyva
Lugonu


Innate Abilities, Weirdness & Mutations

You have a pair of horns on your head.
You reflexively headbutt those who attack you in melee.


Message History

The swamp dragon is severely wounded.
A red film seems to cover your vision as you go berserk!
You feel yourself moving faster!
You feel mighty!
The swamp dragon bites you but does no damage.
The swamp dragon claws you but does no damage.
The swamp dragon closely misses you.
You slash the swamp dragon! Your headbutt misses the swamp dragon.
The swamp dragon is almost dead.
The swamp dragon breathes poison at you.
The blast of poison engulfs you!
You are poisoned.
* * * LOW HITPOINT WARNING * * *
You slash the swamp dragon!
You kill the swamp dragon!
Trog accepts your kill. Trog grants you a weapon!
Something appears at your feet!
You see here a +5 executioner's axe.
You are engulfed in poison gas.
You are lethally poisoned!
* * * LOW HITPOINT WARNING * * *
x2 You feel very sick.
Your Fighting skill gained 2 levels and is now at level 13!
Your Axes skill gained 2 levels and is now at level 13!
Your Dodging skill increases to level 8!
You have reached level 7!
You are engulfed in poison gas.
You are lethally poisoned!
* * * LOW HITPOINT WARNING * * *
x2 You feel extremely sick.
There is an open door, spattered with blood here.
You see here a bullfrog corpse.
You feel a strong urge to attack something.
You are engulfed in poison gas.
You are more poisoned.
* * * LOW HITPOINT WARNING * * *
x2 You feel extremely sick.
You are too berserk!
You are engulfed in poison gas.
You are more poisoned.
You die...

#)#........##.......#
#)###########.......#
#.......# #########
#.......# #...#...#
#..###..#+#
#...#.☼.#☼+
#.....○°#○#
#......@°☼#
###########


There were no monsters in sight!

Vanquished Creatures
  A swamp dragon (D)
  A floating eye (D)
  An orc warrior (D)
  An ogre (D)
  2 bullfrogs (D)
  An adder (D)
  A river rat (D)
  3 orcs (D)
  A goblin (D)
  3 jackals (D)
  2 ball pythons (D)
  A ball python zombie (D)
  2 bats (D)
20 creatures vanquished.

Notes
Turn   | Place    | Note
-------+----------+-------------------------------------------
     0 | D        | Zeld the Minotaur Berserker began the quest for the Orb.
     0 | D        | Reached XP level 1. HP: 19/19 MP: 0/0
    15 | D        | Reached XP level 2. HP: 23/28 MP: 1/1
    19 | D        | Found a bloodstained altar of Trog.
    19 | D        | Found a shimmering blue altar of Sif Muna.
    19 | D        | Found a viscous altar of Jiyva.
    19 | D        | Found a hazy altar of Hepliaklqana.
    19 | D        | Found an opulent altar of Gozag.
    20 | D        | Found a glowing golden altar of the Shining One.
    20 | D        | Found a glowing silver altar of Zin.
    20 | D        | Found a basalt altar of Yredelemnul.
    20 | D        | Found a shimmering altar of Xom.
    20 | D        | Found an ornate altar of the Wu Jian Council.
    20 | D        | Found a sacrificial altar of Ru.
    20 | D        | Found a stormy altar of Qazlal.
    20 | D        | Found an iron altar of Okawaru.
    20 | D        | Found a sparkling altar of Nemelex Xobeh.
    20 | D        | Found a burning altar of Makhleb.
    20 | D        | Found a blossoming altar of Fedhas.
    20 | D        | Found a white marble altar of Elyvilon.
    20 | D        | Found a shadowy altar of Dithmenos.
    20 | D        | Found a snail-covered altar of Cheibriados.
    21 | D        | Found a radiant altar of Vehumet.
    21 | D        | Found a corrupted altar of Lugonu.
    22 | D        | Found a hide-covered altar of Uskayaw.
    22 | D        | Found an ancient bone altar of Kikubaaqudgha.
    22 | D        | Found a broken altar of Ashenzari.
   590 | D        | Reached ** piety under Trog
   591 | D        | Reached skill level 5 in Fighting
   591 | D        | Reached skill level 5 in Axes
  1114 | D        | Reached *** piety under Trog
  1348 | D        | Noticed a floating eye
  1349 | D        | Noticed an orc warrior
  1349 | D        | Noticed an ogre
  1349 | D        | Noticed a bullfrog
  1352 | D        | Killed a floating eye
  1352 | D        | Reached **** piety under Trog
  1353 | D        | Reached skill level 5 in Dodging
  1353 | D        | Reached XP level 3. HP: 40/40 MP: 2/2
  1353 | D        | Reached XP level 4. HP: 48/48 MP: 3/3
  1359 | D        | Killed a bullfrog
  1360 | D        | Reached XP level 5. HP: 53/57 MP: 4/4
  1369 | D        | Killed an ogre
  1369 | D        | Reached ***** piety under Trog
  1370 | D        | Reached skill level 10 in Fighting
  1370 | D        | Reached skill level 10 in Axes
  1370 | D        | Reached XP level 6. HP: 66/66 MP: 5/5
  1378 | D        | Killed an orc warrior
  1710 | D        | Noticed a swamp dragon
  1724 | D        | Killed a swamp dragon
  1724 | D        | Received a gift from Trog
  1725 | D        | Reached XP level 7. HP: 26/79 MP: 6/6
  1726 | D        | HP: 2/118 [poison (poison gas)]
  1727 | D        | Engulfed by a cloud of poison gas

Illustrated notes

Levels and vault maps discovered:
D:        pitsprint [storerooms_1, entrance_room_1, metal_vault_5, armoury_2,
          mini_pit_1, grid_room_1, main_hall_1, silver_pit, the_coven_3,
          the_vestibule_1, steel_vault_5, golden_pit, hallway_of_sentries,
          crystal_vault_1, iron_vault_2, final_vault]

Skill      XL: |  1  2  3  4  5  6 |
---------------+-------------------+-----
Fighting       | 4 8 9 10 13 | 13.3
Axes           | 4 8 9 10 13 | 13.3
Dodging        | 5 6 8 |  8.7
Armour         | |  2.4

Action                   |  1- 3 |  4- 6 |  7- 9 || total
-------------------------+-------+-------+-------++-------
Melee: Hand axe          |    23 |    42 |       ||    65
       Headbutt          |     6 |    10 |       ||    16
Invok: Berserk           |       |     1 |       ||     1
Armor: Animal skin       |     3 |       |       ||     3
       Plate armour      |     2 |    23 |       ||    25
Dodge: Dodged            |    17 |    18 |       ||    35
